 Dungeon Crawl Stone Soup version 0.27-a0-416-gca2cecf3c0 (webtiles) character file.

Game seed: 14553078468086492597

66 Morbidden the Slasher (level 3, 0/42 HPs)
             Began as a Demonspawn Gladiator on Feb 25, 2021.
             Succumbed to an adder's poison
             ... on level 2 of the Dungeon.
             The game lasted 00:01:44 (1826 turns).

Morbidden the Slasher (Demonspawn Gladiator)        Turns: 1826, Time: 00:01:45

Health: 0/42       AC: 21    Str: 14    XL:     3   Next: 96%
Magic:  3/3        EV:  2    Int: 12    God:
Gold:   41         SH:  0    Dex: 14    Spells: 2/2 levels left

rFire    . . .     SeeInvis .   a - +0 long sword
rCold    . . .     Faith    .   (no shield)
rNeg     + + +     Spirit   .   (armour currently unavailable)
rPois    +         Reflect  .   (helmet currently unavailable)
rElec    .         Harm     .   (cloak currently unavailable)
rCorr    .         Rampage  .   (gloves currently unavailable)
Will     .....     NoTele   +   (boots currently unavailable)
Stlth    +.........             (no amulet)
HPRegen  0.14/turn              (no ring)
MPRegen  0.08/turn              (no ring)

@: lethally poisoned (0 -> -11), tree-form, attractive
A: big brain 1
a: no special abilities


You were on level 2 of the Dungeon.
You were a tree.
You visited 1 branch of the dungeon, and saw 2 of its levels.

You collected 41 gold pieces.

Inventory:

Hand Weapons
 a - a +0 long sword (weapon)
 b - a +1 dagger of speed
Missiles
 d - 3 throwing nets (quivered)
Armour
 c - a +0 helmet (melded)
 k - a +0 pair of gloves (melded)
 m - a +0 leather armour (melded)
Jewellery
 e - an amulet of faith
Wands
 n - a wand of polymorph (5)
Scrolls
 h - a scroll of fog {unknown}
 i - a scroll of identify {unknown}
 j - a scroll of random uselessness {unknown}


   Skills:
 * Level 2.3 Fighting
 * Level 3.8 Long Blades
 + Level 1.8 Throwing
 + Level 0.7 Armour
 + Level 2.9 Dodging
 + Level 0.1 Unarmed Combat


You had 2 spell levels left.
You didn't know any spells.
Your spell library was empty.

Dungeon Overview and Level Annotations

Branches:
Dungeon (2/15)

Altars:


Innate Abilities, Weirdness & Mutations

You have an unusually large brain. (Int +2)


Message History

Unknown command.
You miss the adder.
The adder is heavily wounded.
* * * LOW HITPOINT WARNING * * *
You feel sick. The adder bites you.
* * * LOW HITPOINT WARNING * * *
You are more poisoned.
The adder poisons you!
It was a potion of lignification.
You turn into a tree.
Your +0 helmet melds into your body.
Your +0 pair of gloves melds into your body.
Your +0 leather armour melds into your body.
Your roots penetrate the ground.
* * * LOW HITPOINT WARNING * * *
You feel sick. The adder bites you.
* * * LOW HITPOINT WARNING * * *
You are more poisoned.
The adder poisons you! The adder completely misses you.
You riposte.
You hit the adder.
The adder is severely wounded.
Unknown command.
It was a potion of magic.
Magic courses through your body.
* * * LOW HITPOINT WARNING * * *
You feel sick. The adder bites you but does no damage.
Unknown command.
You hit the adder.
The adder is almost dead.
* * * LOW HITPOINT WARNING * * *
You feel sick. The adder bites you but does no damage.
You hit the adder but do no damage.
The adder is almost dead.
* * * LOW HITPOINT WARNING * * *
You feel sick.
The adder bites you but does no damage. x2
You barely miss the adder.
The adder is almost dead.
* * * LOW HITPOINT WARNING * * *
You feel sick.
The adder bites you but does no damage. x2
You barely miss the adder.
The adder is almost dead.
You die...

### ..#
..###### #.#
.......###.##
#.#####KS♣...#
#.......###..#
#..#..#.# #..#
...( #.#
#..#######
#### #.#
#......... #.#
#.########
#.###.###
..#.....# #.#
###.###.#####
#.#


You could see an adder and a kobold.

Vanquished Creatures
  Robin (D:2)
  A gnoll (D:1)
  A leopard gecko (D:1)
  10 goblins
  9 hobgoblins
  4 jackals (D:1)
  A ball python (D:1)
  4 bats
  4 frilled lizards
  4 kobolds
  4 rats
43 creatures vanquished.

Notes
Turn   | Place    | Note
-------+----------+-------------------------------------------
     0 | D:1      | Morbidden the Demonspawn Gladiator began the quest for the
                  | Orb.
     0 | D:1      | Reached XP level 1. HP: 16/16 MP: 1/1
   248 | D:1      | Reached skill level 3 in Long Blades
   359 | D:1      | Gained mutation: You have an unusually large brain. (Int
                  | +2) [demonic ancestry]
   359 | D:1      | Reached XP level 2. HP: 12/22 MP: 2/2
   924 | D:1      | Reached XP level 3. HP: 27/27 MP: 3/3
  1654 | D:2      | Noticed Robin
  1665 | D:2      | Killed Robin
  1824 | D:2      | HP: 1/42 [poisoned by an adder]
  1826 | D:2      | Succumbed to an adder's poison

Illustrated notes

Levels and vault maps discovered:
D:1:      wheals_arrival_shading, layout_loops_ring, nrook_mini_vaults
D:2:      layout_loops_ring, minmay_pentomino_o4, uniq_robin

Skill      XL: |  1 |
---------------+----+-----
Long Blades    | 3 |  3.8
Fighting       | |  2.3
Throwing       | |  1.8
Armour         | |  0.7
Dodging        | |  2.9
Unarmed Combat | |  0.1

Action                   || total
-------------------------++-------
Melee: Long sword        ||    96
       Unarmed           ||     8
  Use: Potion            ||     3
Armor: Leather armour    ||    30
       Skin              ||     8
Dodge: Dodged            ||    71
       Rpst.: Long sword ||    26

Table legend: (Time is in decaauts)
 A = Elapsed time spent in this place.
 B = Non-inter-level travel time spent in this place.
 C = Inter-level travel time spent in this place.
 D = Time resting spent in this place.
 E = Time spent auto-exploring this place.
 F = Levels seen in this place.
 G = Mean time per level.
                   A        B        C        D        E       F      G
               +--------+--------+--------+--------+--------+-----+--------+
         Total |   1846 |   1823 |     23 |    322 |   1199 |   2 |  923.0 |
       Dungeon |   1846 |   1823 |     23 |    322 |   1199 |   2 |  923.0 |
               +--------+--------+--------+--------+--------+-----+--------+

Top non-repeatable levels by time:
     D:1: 1356 daAuts
     D:2: 490 daAuts
